 Dungeon Crawl Stone Soup version 0.31-a0-431-g88bdf31460 (webtiles) character file.

Game seed: 13369600778611786989

107 CraigForest the Slasher (level 4, -2/34 HPs)
             Began as a Barachi Gladiator on July 31, 2023.
             Was an Initiate of Elyvilon.
             Slain by an orc wizard
             ... wielding a +2 dagger of venom
              (3 damage)
             ... on level 3 of the Dungeon.
             The game lasted 00:10:48 (2421 turns).

CraigForest the Slasher (Barachi Gladiator)         Turns: 2421, Time: 00:10:49

Health: -2/34      AC:  5    Str: 15    XL:     4   Next: 85%
Magic:  4/4        EV: 13    Int:  8    God:    Elyvilon [......]
Gold:   171        SH:  0    Dex: 16    Spells: 3/3 levels left

rFire   + . .        a - +1 long sword
rCold   + . .        (no shield)
rNeg    + . .        b - +0 leather armour
rPois   .            c - +1 helmet
rElec   .            (no cloak)
rCorr   .            (no gloves)
SInv    .            (no boots)
Will    .....        (no amulet)
Stlth   +            i - ring of positive energy
HPRegen 0.25/turn    (no ring)
MPRegen 0.09/turn

%: no passive effects
@: mighty, lethally poisoned (-2 -> -13), hasted, invisible, very quick
A: amphibious, slowness 1, strong legs 1, +LOS, cold resistance 1, fire
resistance 1, screaming 1
a: Hop, Renounce Religion


You were on level 3 of the Dungeon.
You worshipped Elyvilon.
Elyvilon was noncommittal.
You visited 1 branch of the dungeon, and saw 3 of its levels.

You collected 171 gold pieces.

Inventory:

Hand Weapons
 a - a +1 long sword (weapon)
Missiles
 d - 3 throwing nets
 e - a javelin
 f - 5 poisoned darts (quivered)
Armour
 b - a +0 leather armour (worn)
 c - a +1 helmet (worn)
 j - a +0 plate armour
 o - a +0 chain mail
Jewellery
 i - a ring of positive energy (left hand)
 k - a ring of ice
Talismans
 s - a blade talisman
Scrolls
 h - a scroll of poison {unknown}
 t - 2 scrolls of teleportation
Potions
 g - a potion of berserk rage {unknown}
 m - a potion of mutation
 q - a potion of haste
 r - a potion of attraction {unknown}


   Skills:
 + Level 2.8 Fighting
 + Level 5.2 Long Blades
 + Level 2.2 Throwing
 + Level 1.8 Armour
 + Level 3.9 Dodging


You had 3 spell levels left.
You didn't know any spells.
Your spell library contained the following spells:

 Spells                   Type           Power      Damage    Failure   Level
 Haunt                    Necr/Summ      0%         N/A       100%        7
 Borgnjor's Revivificati  Necr           0%         N/A       100%        8
 Death's Door             Necr           0%         N/A       100%        9


Dungeon Overview and Level Annotations

Branches:
Dungeon (3/15)

Altars:
Elyvilon
Yredelemnul


Innate Abilities, Weirdness & Mutations

You are amphibious.
You cover ground slowly.
You can hop short distances.
You have an extended range of vision and can be seen from far away.
Your flesh is cold resistant. (rC+)
Your flesh is heat resistant. (rF+)
You occasionally shout uncontrollably at your foes.


Message History

You closely miss the orc.
The orc is almost dead.
The orc hits you but does no damage.
The orc wizard casts a spell.
The orc wizard flickers and vanishes!
Deactivating autopickup; reactivate with Ctrl-A.
You hit the orc.
You kill the orc!
You hear some strange, mumbled words.
A puff of flame appears from out of thin air!
The puff of flame hits you. You resist.
You hit something. Something hits you.
You are poisoned.
You miss something.
You feel very sick. Something hits you.
You closely miss something.
You feel sick. Something hits you but does no damage.
You are lethally poisoned!
You closely miss something.
* * * LOW HITPOINT WARNING * * *
You feel very sick. Something completely misses you.
It was a potion of haste.
You feel yourself speed up.
* * * LOW HITPOINT WARNING * * *
You feel sick. Something hits you but does no damage.
You are more poisoned.
It was a potion of might.
You feel very mighty all of a sudden.
* * * LOW HITPOINT WARNING * * *
You feel very sick. Something hits you but does no damage.
It was a potion of invisibility.
You fade into invisibility!
* * * LOW HITPOINT WARNING * * *
You feel very sick.
It was a potion of magic.
Magic courses through your body. Elyvilon protects you from harm!
Something hits you.
You die...

# ############ ##
#..........## ..
#.).......... ##
#######..........{.
.. ...........)....#
. #.[.......######..
#...#####........#
#...@{..(#....#######
######........#>.....
##.##.##.#......
#..##..#.#...... #..#
#.#.#......
#..###...#......
#...###.........
#.#.#...........
##.#...######....


There were no monsters in sight!

Vanquished Creatures
  An orc priest (D:3)
  An adder (D:3)
  2 dart slugs
  5 orcs (D:3)
  5 ball pythons
  5 endoplasms
  2 giant cockroaches
  5 goblins
  2 hobgoblins (D:1)
  3 kobolds (D:1)
  4 quokkas
  9 bats
  3 frilled lizards
  11 rats
58 creatures vanquished.

Notes
Turn   | Place    | Note
-------+----------+-------------------------------------------
     0 | D:1      | CraigForest the Barachi Gladiator began the quest for the
                  | Orb.
     0 | D:1      | Reached XP level 1. HP: 17/17 MP: 1/1
   118 | D:1      | Reached XP level 2. HP: 23/23 MP: 2/2
   134 | D:1      | Reached skill level 4 in Long Blades
   274 | D:1      | Reached XP level 3. HP: 17/28 MP: 3/3
   996 | D:2      | Found a basalt altar of Yredelemnul.
  2071 | D:3      | Gained mutation: Your magical capacity is low. (-10% MP)
                  | [potion of mutation]
  2071 | D:3      | Gained mutation: Your body sometimes deteriorates upon
                  | taking damage. [potion of mutation]
  2071 | D:3      | Gained mutation: Your flesh is cold resistant. (rC+)
                  | [potion of mutation]
  2072 | D:3      | Lost mutation: Your magical capacity is low. (-10% MP)
                  | [potion of mutation]
  2072 | D:3      | Lost mutation: Your flesh is cold resistant. (rC+) [potion
                  | of mutation]
  2072 | D:3      | Lost mutation: Your body sometimes deteriorates upon taking
                  | damage. [potion of mutation]
  2072 | D:3      | Gained mutation: Your flesh is heat resistant. (rF+)
                  | [potion of mutation]
  2072 | D:3      | Gained mutation: You occasionally shout uncontrollably at
                  | your foes. [potion of mutation]
  2072 | D:3      | Gained mutation: Your flesh is cold resistant. (rC+)
                  | [potion of mutation]
  2075 | D:3      | Reached skill level 1 in Armour
  2075 | D:3      | Reached XP level 4. HP: 8/34 MP: 2/4
  2207 | D:3      | Found a basalt altar of Yredelemnul.
  2317 | D:3      | Found a white marble altar of Elyvilon.
  2332 | D:3      | Became a worshipper of Elyvilon the Healer
  2393 | D:3      | Reached skill level 5 in Long Blades
  2420 | D:3      | HP: 1/34 [poisoned by an orc wizard]
  2421 | D:3      | Elyvilon protects you from harm!
  2421 | D:3      | Slain by an orc wizard

Illustrated notes

Levels and vault maps discovered:
D:1:      mrwooster_arrival_statue_3, layout_basic, minmay_vboxes
D:2:      layout_basic, basic_altar
D:3:      layout_rooms, kennysheep_ying_yang

Skill      XL: |  1  2  3  4 |
---------------+-------------+-----
Long Blades    | 4 5 |  5.2
Armour         | 1 |  1.8
Fighting       | |  2.8
Throwing       | |  2.2
Dodging        | |  3.9

Action                     |  1- 3 |  4- 6 || total
---------------------------+-------+-------++-------
  Melee: Long sword        |   121 |    39 ||   160
         Punch             |     1 |       ||     1
  Throw: Dart              |    14 |     4 ||    18
    Use: Scroll            |     2 |     4 ||     6
         Potion            |     2 |     4 ||     6
   Stab: Sleeping          |     1 |       ||     1
 Armour: Leather armour    |    45 |    19 ||    64
  Dodge: Dodged            |   115 |    39 ||   154

Table legend: (Time is in decaauts)
 A = Elapsed time spent in this place.
 B = Non-inter-level travel time spent in this place.
 C = Inter-level travel time spent in this place.
 D = Time resting spent in this place.
 E = Time spent auto-exploring this place.
 F = Levels seen in this place.
 G = Mean time per level.
                   A        B        C        D        E       F      G
               +--------+--------+--------+--------+--------+-----+--------+
         Total |   2840 |   1950 |    890 |      0 |   1505 |   3 |  946.7 |
       Dungeon |   2840 |   1950 |    890 |      0 |   1505 |   3 |  946.7 |
               +--------+--------+--------+--------+--------+-----+--------+

Top non-repeatable levels by time:
     D:2: 1379 daAuts
     D:1: 969 daAuts
     D:3: 491 daAuts
